 Dungeon Crawl Stone Soup version 0.29.0-11-gd7f09526c8 (webtiles) character file.

Game seed: 1694099618988792194

36044 blackman the Demonic Disaster (level 13, -48/99 HPs)
             Began as a Demonspawn Delver on Sept 3, 2022.
             Was a Believer of Qazlal.
             Annihilated by a very large slime creature (52 damage)
             ... on level 12 of the Dungeon on Sept 4, 2022.
             The game lasted 00:49:41 (23631 turns).

blackman the Demonic Disaster (Demonspawn Delver)  Turns: 23631, Time: 00:49:42

Health: -48/99     AC: 13    Str: 17    XL:     13   Next: 50%
Magic:  28/28      EV: 10    Int: 12    God:    Qazlal [**....]
Gold:   735        SH: 21    Dex: 15    Spells: 12/12 levels left

rFire   . . .      SeeInvis .   b - +1 scimitar (elec)
rCold   + + .      Faith    +   U - +2 kite shield
rNeg    . . .      Spirit   .   T - +5 ring mail of Refuge {rC+ Will+}
rPois   .          Reflect  .   z - +2 helmet
rElec   .          Harm     .   (no cloak)
rCorr   .          Rampage  .   (gloves unavailable)
Will    ++...                   (no boots)
Stlth   ++........              S - amulet of faith
HPRegen 0.26/turn               Y - ring of protection from cold
MPRegen 0.21/turn               s - ring of willpower

@: no status effects
A: claws 3, hooves 2, demonic guardian 1, condensation shield, bedeviling,
weakness stinger 2
a: Renounce Religion, Upheaval


You were on level 12 of the Dungeon.
You worshipped Qazlal.
Qazlal was pleased with you.
You visited 3 branches of the dungeon, and saw 15 of its levels.
You also visited: Ossuary.

You collected 1713 gold pieces.
You spent 978 gold pieces at shops.

Inventory:

Hand Weapons
 a - a +0 arbalest
 b - a +1 scimitar of electrocution (weapon)
Missiles
 m - 28 poisoned darts (quivered)
 J - 2 throwing nets
 K - 2 datura-tipped darts
 M - 2 curare-tipped darts
Armour
 z - a +2 helmet (worn)
 Q - an orb of energy
 T - the +5 ring mail of Refuge (worn) {rC+ Will+}
   (You bought it in a shop on level 3 of the Dungeon)

   rC:        It protects you from cold.
   Will:      It increases your willpower.
 U - a +2 kite shield (worn)
Jewellery
 s - a ring of willpower (right claw)
 w - an amulet of regeneration
 D - a +6 ring of intelligence
 S - an amulet of faith (around neck)
 V - a ring of fire
 Y - a ring of protection from cold (left claw)
 Z - an amulet of guardian spirit
Wands
 g - a wand of digging (7)
 j - a wand of mindburst (3)
 y - a wand of roots (4)
 A - a wand of polymorph (26)
 C - a wand of paralysis (21)
Scrolls
 c - a scroll of fog
 e - 4 scrolls of poison
 h - a scroll of brand weapon
 i - 2 scrolls of noise
 l - 3 scrolls of blinking
 p - 3 scrolls of silence
 q - 5 scrolls of teleportation
 u - 2 scrolls of fear
 x - 5 scrolls of enchant weapon
 B - a scroll of immolation
 O - a scroll of summoning
 R - 2 scrolls of amnesia
 X - 2 scrolls of vulnerability
Potions
 f - 4 potions of might
 k - a potion of degeneration {unknown}
 n - 8 potions of curing
 o - 6 potions of flight
 r - a potion of attraction {unknown}
 t - 2 potions of heal wounds
 v - 3 potions of lignification
 E - a potion of brilliance {unknown}
 F - 2 potions of berserk rage {unknown}
 G - 3 potions of haste
 H - 5 potions of mutation {unknown}
 I - 2 potions of cancellation {unknown}
 L - a potion of invisibility {unknown}
 N - a potion of magic {unknown}
 P - a potion of ambrosia {unknown}
Miscellaneous
 d - a tin of tremorstones (inert)


   Skills:
 * Level 8.4 Fighting
 - Level 7.3 Long Blades
 - Level 1.7 Axes
 - Level 1.7 Dodging
 - Level 4.5 Stealth
 - Level 10.0 Shields
 - Level 22.0 Invocations


You had 12 spell levels left.
You didn't know any spells.
Your spell library contained the following spells:

 Spells                   Type           Power      Damage    Failure   Level
 Dazzling Flash           Conj/Hex       0%         N/A       99%         3
 Frozen Ramparts          Ice            0%         1d1       99%         3
 Inner Flame              Hex/Fire       0%         N/A       99%         3
 Ozocubu's Armour         Ice            0%         N/A       99%         3
 Cause Fear               Hex            0%         N/A       100%        4
 Ice Form                 Ice/Tmut       0%         N/A       100%        4
 Summon Ice Beast         Ice/Summ       0%         N/A       100%        4
 Agony                    Necr           0%         N/A       100%        5
 Silence                  Hex/Air        0%         N/A       100%        5
 Ozocubu's Refrigeration  Ice            0%         4d7       100%        7
 Discord                  Hex            0%         N/A       100%        8


Dungeon Overview and Level Annotations

Branches:
Dungeon (12/15)            Temple (1/1) D:4            Lair (0/5) D:10
    Orc (2/2) D:11            Elf (0/3) Orc:2       Ossuary (visited)

Altars:
Ashenzari
Cheibriados
Dithmenos
Fedhas
Gozag
Hepliaklqana
Kikubaaqudgha
Makhleb
Qazlal
Ru
Sif Muna
Trog
Vehumet
Wu Jian
Xom
Yredelemnul

Shops:
D:3 [   D:7 ?   D:8 *   D:10 (   Orc:2 [:![[


Innate Abilities, Weirdness & Mutations

You have claws for hands.
You have hoof-like feet.
A weak demonic guardian rushes to your aid.
A meltable shield of frost defends you. (SH +4)
Your hexes are more powerful.
You have a tail ending in a sharp stinger.


Message History

You kill the centaur!
Qazlal accepts your kill.
You slash the very large slime creature!
Lightning courses through the very large slime creature!
You kick the very large slime creature.
The very large slime creature is heavily wounded.
The very large slime creature hits you!!
You hit the very large slime creature. You kick the very large slime creature.
Your tail-slap misses the very large slime creature.
The very large slime creature is heavily wounded.
The very large slime creature barely misses you.
You slash the very large slime creature!
The very large slime creature is heavily wounded.
You block the very large slime creature's attack. x2
You barely miss the very large slime creature.
You kick the very large slime creature.
You tail-slap the very large slime creature.
The very large slime creature is heavily wounded.
The very large slime creature barely misses you.
You slash the very large slime creature!
The very large slime creature is heavily wounded.
The very large slime creature hits you!!
You hit the very large slime creature.
The very large slime creature is heavily wounded.
You block the very large slime creature's attack.
You hit the very large slime creature.
Lightning courses through the very large slime creature!
You kick the very large slime creature.
The very large slime creature is severely wounded.
You block the very large slime creature's attack.
You barely miss the very large slime creature.
You kick the very large slime creature, but do no damage.
The very large slime creature is severely wounded.
The very large slime creature hits you!!!
Ouch! That really hurt!
* * * LOW HITPOINT WARNING * * *
A demonic guardian appears!
The very large slime creature hits you!!!
Ouch! That really hurt!
You die...

######+#### ##
###.####.<.......###...
.......'....#(.........
.#.#####....#.#.......#
...####....#.#.#
#.......##.#.#J# # #
..#.###....#.#@#.#.#
###..#.#)#...#.#
#..#.#.5.....#
#..#..........
##.......##...
###......# ##
######.... ####


You could see a very large slime creature (ally target) and a friendly white imp
(summoned).

Vanquished Creatures
  3 orc warlords
  An ettin (Orc:1)
  Erolcha (D:9)
  A boulder beetle (D:8)
  3 two-headed ogres
  Erica (D:8)
  2 tengu warriors (D:11)
  7 orc high priests
  Pikel (D:8)
  6 orc sorcerers
  An ugly thing (D:11)
  3 orc knights
  An oklob plant (D:10)
  A manticore (D:11)
  Maggie (D:8)
  Psyche (D:10)
  6 trolls
  Grinder (D:3)
  4 hornets
  2 wraiths (D:11)
  Sigmund (D:5)
  19 yaks
  3 shadows
  A basilisk (D:11)
  A steam dragon (D:7)
  3 wargs (Orc:1)
  2 acid dragons
  A floating eye (Orc:1)
  3 water moccasins (D:7)
  41 orc warriors
  2 ice beasts
  3 black bears
  3 sky beasts
  11 ogres
  4 centaurs
  2 phantoms
  2 lemures (D:8)
  6 kobold brigands
  3 scorpions
  6 bullfrogs
  14 wights
  A water moccasin zombie (Ossuary)
  A troll zombie (D:11)
  11 killer bees
  A howler monkey (D:8)
  A jelly (D:7)
  3 hounds
  6 gnoll boudas
  26 orc priests
  Jessica (D:3)
  Ijyb (D:3)
  3 iguanas (D:5)
  29 orc wizards
  5 ogre zombies (D:11)
  2 mummies (Ossuary)
  Robin (D:3)
  28 gnolls
  6 adders
  2 shadow imps
  2 white imps (D:5)
  5 ufetubi
  4 adder zombies (Ossuary)
  A worm (D:3)
  3 dart slugs
  80 orcs
  6 ball pythons
  6 endoplasms
  7 giant cockroaches
  14 goblins
  12 hobgoblins
  5 jackals
  17 kobolds
  5 quokkas
  7 frilled lizards
  3 gnoll zombies (Ossuary)
  A goblin zombie (D:11)
  A hobgoblin skeleton (D:11)
  9 hobgoblin zombies
  4 kobold zombies (Ossuary)
  4 orc skeletons (D:11)
  14 orc zombies
  4 rats
520 creatures vanquished.

Vanquished Creatures (collateral kills)
  An orc knight (Orc:2)
  A bullfrog (D:8)
  An orc priest (Orc:2)
  An iguana (D:7)
  Terence (D:2)
  2 orcs
  A ball python (D:2)
  A hobgoblin (D:1)
  A jackal (D:2)
  A quokka (D:3)
  A bat (D:1)
  A frilled lizard (D:3)
13 creatures vanquished.

Vanquished Creatures (others)
  An orc (D:6)
  11 fungi
  13 plants
25 creatures vanquished.

Grand Total: 558 creatures vanquished

Notes
Turn   | Place    | Note
-------+----------+-------------------------------------------
     0 | D:5      | blackman the Demonspawn Delver began the quest for the Orb.
     0 | D:5      | Reached XP level 1. HP: 18/18 MP: 1/1
    73 | D:5      | Noticed a hound
   198 | D:5      | Noticed an orc wizard
   205 | D:4      | Gained mutation: A weak demonic guardian rushes to your
                  | aid. [demonic ancestry]
   205 | D:4      | Reached XP level 2. HP: 4/24 MP: 2/2
   207 | D:4      | Noticed a scorpion
   212 | D:4      | Killed a scorpion
   213 | D:4      | Reached skill level 5 in Fighting
   213 | D:4      | Discovered your monstrous ancestry.
   213 | D:4      | Gained mutation: You have sharp fingernails. [demonic
                  | ancestry]
   213 | D:4      | Reached XP level 3. HP: 6/33 MP: 3/3
   213 | D:4      | Reached XP level 4. HP: 8/39 MP: 4/4
   706 | D:4      | Found a sacrificial altar of Ru.
   967 | D:4      | Found an opulent altar of Gozag.
  1168 | D:4      | HP: 1/39 [gnoll/+0 flail (6)]
  1179 | D:4      | Found a staircase to the Ecumenical Temple.
  1188 | Temple   | Entered the Ecumenical Temple
  1874 | Temple   | Became a worshipper of Qazlal Stormbringer
  1904 | D:3      | Noticed Grinder
  1912 | D:3      | Found a faded altar of an unknown god.
  1912 | D:3      | Noticed Robin
  1957 | D:3      | Found Piamodgh's Antique Armour Boutique.
  2307 | D:2      | Noticed Terence
  2554 | D:1      | Reached skill level 1 in Invocations
  2586 | D:1      | Gained mutation: You have large cloven feet. [demonic
                  | ancestry]
  2586 | D:1      | Reached XP level 5. HP: 45/45 MP: 5/5
  2988 | D:1      | Reached skill level 2 in Invocations
  3129 | D:2      | Reached * piety under Qazlal
  3215 | D:2      | Found a basalt altar of Yredelemnul.
  3326 | D:2      | Killed Terence
  3327 | D:2      | Reached skill level 3 in Invocations
  4190 | D:3      | Noticed Jessica
  4192 | D:3      | Killed Jessica
  4193 | D:3      | Reached skill level 4 in Invocations
  4230 | D:3      | Noticed Ijyb
  4238 | D:3      | Killed Ijyb
  4239 | D:3      | Gained mutation: You have a small tail. [demonic ancestry]
  4239 | D:3      | Reached XP level 6. HP: 50/51 MP: 9/9
  4353 | D:3      | Reached ** piety under Qazlal
  4494 | D:3      | Reached skill level 5 in Invocations
  4558 | D:3      | Killed Grinder
  4559 | D:3      | Reached skill level 7 in Invocations
  4716 | D:3      | Killed Robin
  4717 | D:3      | Gained mutation: You have hoof-like feet. [demonic
                  | ancestry]
  4717 | D:3      | Reached XP level 7. HP: 42/56 MP: 12/12
  5768 | D:4      | Reached skill level 8 in Invocations
  6049 | D:5      | Noticed a two-headed ogre
  6061 | D:5      | Killed a two-headed ogre
  6062 | D:5      | Reached skill level 11 in Invocations
  6062 | D:5      | Reached XP level 8. HP: 28/63 MP: 7/16
  6770 | D:5      | Reached skill level 12 in Invocations
  7248 | D:5      | Noticed Sigmund
  7249 | D:5      | Killed Sigmund
  7395 | D:6      | Reached skill level 13 in Invocations
  7630 | D:6      | Gained mutation: You have very sharp fingernails. [demonic
                  | ancestry]
  7630 | D:6      | Reached XP level 9. HP: 55/68 MP: 19/19
  7641 | D:6      | Reached skill level 14 in Invocations
  7663 | D:6      | Found a sand-covered staircase.
  7672 | Ossuary  | Entered an ossuary
  7953 | Ossuary  | Reached *** piety under Qazlal
  8409 | D:6      | Reached skill level 15 in Invocations
  8727 | D:6      | Found a broken altar of Ashenzari.
  8728 | D:6      | Found a basalt altar of Yredelemnul.
  8900 | D:6      | Found an ornate altar of the Wu Jian Council.
  9866 | D:7      | Found Onadoski's Magic Scroll Shop.
  9940 | D:7      | Reached skill level 16 in Invocations
 10412 | D:7      | Identified the +1 leather armour of Jimuod {Harm +Inv rElec
                  | Dex+2}
 10726 | D:7      | Found a snail-covered altar of Cheibriados.
 10745 | D:7      | Found a hazy altar of Hepliaklqana.
 10862 | D:7      | Reached skill level 17 in Invocations
 10897 | D:7      | Gained mutation: You have a tail ending in a sharp stinger.
                  | [demonic ancestry]
 10897 | D:7      | Reached XP level 10. HP: 64/75 MP: 19/22
 11954 | D:8      | Noticed a boulder beetle
 12090 | D:3      | Bought a distressingly furry ring mail for 252 gold pieces
 12090 | D:3      | Identified the +5 ring mail of Refuge {rC+ Will+} (You
                  | bought it in a shop on level 3 of the Dungeon)
 12100 | D:3      | Bought a kite shield for 126 gold pieces
 12199 | D:8      | Killed a boulder beetle
 12320 | D:8      | Found Fyschip's Neck Hole.
 13243 | D:8      | Noticed Pikel
 13244 | D:8      | Killed Pikel
 13383 | D:8      | Found a shimmering blue altar of Sif Muna.
 13947 | D:8      | Noticed Maggie
 13949 | D:8      | Killed Maggie
 13950 | D:8      | Reached skill level 5 in Long Blades
 13950 | D:8      | Reached skill level 5 in Shields
 13950 | D:8      | Gained mutation: A meltable shield of frost defends you.
                  | (SH +4) [demonic ancestry]
 13950 | D:8      | Reached XP level 11. HP: 80/80 MP: 16/23
 14407 | D:8      | Noticed Erica
 14411 | D:8      | Killed Erica
 15013 | D:9      | Noticed Erolcha
 15015 | D:9      | Killed Erolcha
 15154 | D:9      | Noticed a two-headed ogre
 15168 | D:9      | Killed a two-headed ogre
 15426 | D:10     | Entered Level 10 of the Dungeon
 15439 | D:10     | Noticed Psyche
 15458 | D:10     | Killed Psyche
 16241 | D:10     | Found Keloxav's Antique Weapon Boutique.
 16290 | D:10     | Noticed an oklob plant
 16293 | D:10     | Killed an oklob plant
 16342 | D:10     | Found a staircase to the Lair.
 17188 | D:10     | Found a blossoming altar of Fedhas.
 17188 | D:10     | Found a bloodstained altar of Trog.
 17519 | D:11     | Gained mutation: You have claws for hands. [demonic
                  | ancestry]
 17519 | D:11     | Reached XP level 12. HP: 38/86 MP: 24/24
 17561 | D:11     | Reached **** piety under Qazlal
 17739 | D:11     | Found a staircase to the Orcish Mines.
 17892 | D:11     | Noticed a tengu warrior
 17893 | D:11     | Noticed a tengu warrior
 17895 | D:11     | Killed a tengu warrior
 17900 | D:11     | Killed a tengu warrior
 17911 | D:11     | Reached skill level 10 in Shields
 18302 | D:11     | Reached skill level 18 in Invocations
 18788 | Orc:1    | Entered Level 1 of the Orcish Mines
 18788 | Orc:1    | Noticed an ettin
 18792 | Orc:1    | Killed an ettin
 18831 | Orc:1    | You fall into a shaft and drop 1 floor!
 18831 | Orc:2    | Entered Level 2 of the Orcish Mines
 18868 | Orc:1    | Noticed an orc warlord
 18877 | Orc:1    | Killed an orc warlord
 18878 | Orc:1    | Reached skill level 19 in Invocations
 19173 | Orc:1    | Noticed an orc high priest
 19175 | Orc:1    | Killed an orc high priest
 19602 | D:8      | Bought an amulet of faith for 600 gold pieces
 19774 | Orc:1    | Reached skill level 20 in Invocations
 19775 | Orc:1    | Noticed a two-headed ogre
 19775 | Orc:1    | Noticed an orc warlord
 19781 | Orc:1    | Killed an orc warlord
 19787 | Orc:1    | Killed a two-headed ogre
 20163 | Orc:1    | Paralysed by a hornet for 3 turns
 20171 | Orc:1    | Reached skill level 21 in Invocations
 20753 | Orc:2    | Found Fodiohut's Antique Armour Shoppe.
 20757 | Orc:2    | Noticed an orc warlord
 20757 | Orc:2    | Noticed an orc high priest
 20761 | Orc:2    | Gained mutation: Your hexes are more powerful. [demonic
                  | ancestry]
 20761 | Orc:2    | Reached XP level 13. HP: 92/92 MP: 17/27
 20762 | Orc:2    | Killed an orc warlord
 21103 | Orc:2    | Paralysed by an orc sorcerer for 3 turns
 21276 | Orc:2    | Found a staircase to the Elven Halls.
 21672 | Orc:2    | Reached skill level 22 in Invocations
 23392 | Orc:2    | Found Homosum's Distillery.
 23395 | Orc:2    | Found Fejeehug's Antique Armour Emporium.
 23396 | Orc:2    | Found Vetoniud's Book Shoppe.
 23397 | Orc:2    | Found Nagiaph's Armour Shoppe.
 23631 | D:12     | HP: 4/99 [very large slime creature (52)]
 23631 | D:12     | Annihilated by a very large slime creature

Illustrated notes

Levels and vault maps discovered:
D:1:      lightli_arrival_windingriver, layout_basic,
          hangedman_abyss_or_decor_lesser_grid, nicolae_figureground_sparkle
D:2:      layout_loops_ring, basic_altar, nrook_uturn, uniq_terence
D:3:      minmay_skewed_foursquare, layout_basic, serial_shops,
          nicolae_shop_crystal, gup_sewer_entry_pipe, basic_ecumenical_altar,
          uniq_robin, uniq_ijyb, uniq_grinder, uniq_jessica
D:4:      layout_basic, mainiacjoe_overflow_boulevard,
          nicolae_ru_sacrificial_ziggurat, minmay_temple_entry_statues_pillars
D:5:      layout_basic, minmay_misc_feat_encased, uniq_sigmund
D:6:      layout_cave_pools, nzn_wu_jian_contemplation,
          gammafunk_temple_overflow_claw, nicolae_ossuary_entry_plus
D:7:      minmay_flawed_box, layout_loops_ring, mainiacjoe_overflow_catwalk,
          mainiacjoe_overflow_paths, serial_shops, shop_statue,
          minmay_joined_circles
D:8:      layout_basic, led_sif_pool, roderic_st_hans_cross,
          kennysheep_pointless_box, nicolae_shop_sticking_my_neck_out,
          uniq_pikel, uniq_maggie, uniq_erica
D:9:      layout_cave_pools, uniq_erolcha
D:10:     kennysheep_seaside_town, layout_long_grid,
          gammafunk_temple_overflow_elements, dpeg_oklobed_lair, serial_shops,
          nicolae_shop_hallway_plus, kennysheep_doodads, uniq_psyche
D:11:     layout_loops_ring, zombieorc1_lemuel, billiards_dpeg
D:12:     layout_roguey, serial_glass, glass_columns_c, glass_columns_a,
          glass_columns_a, glass_columns_b, glass_columns_b, glass_columns_c,
          glass_columns_b, glass_columns_c, glass_columns_c, glass_columns_a,
          glass_columns_b, glass_columns_b, glass_columns_c, glass_columns_c,
          minmay_misc_feat_more_columns, minmay_misc_feat_square,
          argonaut_gorgonesque
Temple:   bh_familiar_temple
Orc:1:    hellmonk_paralyzer, layout_diamond_mine, abandoned_shop
Orc:2:    st_orc_pillars, layout_caves, serial_shops, shop

Skill      XL: |  1  2  3  4  5  6  7  8  9 10 11 12 13 |
---------------+----------------------------------------+-----
Fighting       | 5 8 |  8.4
Invocations    | 1 4 7 11 13 17 21 22 | 22.0
Long Blades    | 5 7 |  7.3
Shields        | 5 9 10 | 10.0
Axes           | |  1.7
Dodging        | |  1.7
Stealth        | |  4.5

Action                   |  1- 3 |  4- 6 |  7- 9 | 10-12 | 13-15 || total
-------------------------+-------+-------+-------+-------+-------++-------
Melee: Hand axe          |     1 |    20 |       |       |       ||    21
       Whip              |       |   122 |       |       |       ||   122
       Punch             |       |     4 |     3 |     2 |       ||     9
       Flail             |       |    81 |   239 |       |       ||   320
       Kick              |       |    34 |    66 |   207 |    73 ||   380
       Tailslap          |       |     6 |    39 |   113 |    27 ||   185
       Scimitar          |       |       |    25 |   583 |   194 ||   802
Throw: Dart              |       |       |    12 |    12 |     2 ||    26
Invok: Upheaval          |       |       |    12 |    45 |    12 ||    69
Evoke: Wand              |    11 |     5 |       |     4 |       ||    20
       Tin of tremorston |       |       |       |     2 |       ||     2
  Use: Scroll            |     1 |     2 |    12 |    11 |       ||    26
       Potion            |       |     2 |       |     3 |       ||     5
 Stab: Sleeping          |       |     4 |       |       |       ||     4
       Distracted        |       |     2 |       |       |       ||     2
Armor: Leather armour    |     1 |    60 |     9 |       |       ||    70
       Skin              |       |     5 |       |    22 |       ||    27
       Chain mail        |       |       |   146 |    12 |       ||   158
       Ring mail         |       |       |       |   140 |    36 ||   176
Dodge: Dodged            |    15 |   112 |   122 |   115 |    46 ||   410
Block: Other             |       |     3 |    43 |     7 |       ||    53
       Kite shield       |       |       |       |   543 |   213 ||   756
